 Dungeon Crawl Stone Soup version 0.27.0-1-g7a089689b8 (webtiles) character file.

Game seed: 2970084347846713149

3486 Majang the Cleaver (level 9, -5/79 HPs)
             Began as a Minotaur Delver on Aug 6, 2021.
             Was an Elder of Qazlal.
             Slain by a two-headed ogre (12 damage)
             ... on level 7 of the Dungeon.
             The game lasted 00:38:57 (7526 turns).

Majang the Cleaver (Minotaur Delver)                Turns: 7526, Time: 00:38:57

Health: -5/79      AC: 13    Str: 20    XL:     9   Next: 79%
Magic:  0/11       EV: 15    Int:  7    God:    Qazlal [****..]
Gold:   308        SH: 15    Dex: 12    Spells: 8/8 levels left

rFire    . . .     SeeInvis .   a - +0 hand axe
rCold    + . .     Faith    .   s - +0 kite shield
rNeg     . . .     Spirit   +   f - +4 ring mail {rPois}
rPois    +         Reflect  .   k - +2 hat
rElec    .         Harm     .   (no cloak)
rCorr    .         Rampage  .   v - +0 pair of gloves
Will     .....                  (no boots)
Stlth    +.........             i - amulet of guardian spirit
HPRegen  0.23/turn              t - ring of protection from cold
MPRegen  0.12/turn              w - +4 ring of evasion

@: about to teleport, repel missiles
A: horns 2, retaliatory headbutt
a: Renounce Religion, Upheaval, Elemental Force


You were on level 7 of the Dungeon.
You worshipped Qazlal.
Qazlal was greatly pleased with you.
You visited 2 branches of the dungeon, and saw 9 of its levels.

You collected 308 gold pieces.

Inventory:

Hand Weapons
 a - a +0 hand axe (weapon)
 E - a +0 morningstar
Missiles
 p - 8 curare-tipped darts
 B - a boomerang (quivered)
 G - 10 poisoned darts
Armour
 f - a +4 ring mail of poison resistance (worn)
 k - a +2 hat (worn)
 s - a +0 kite shield (worn)
 v - a +0 pair of gloves (worn)
Jewellery
 i - an amulet of guardian spirit (around neck)
 t - a ring of protection from cold (left hand)
 w - a +4 ring of evasion (right hand)
 x - a ring of protection from fire
 y - a +6 ring of dexterity
 H - a ring of poison resistance
Wands
 g - a wand of digging (2)
Scrolls
 b - a scroll of vulnerability {unknown}
 c - 2 scrolls of fog
 d - a scroll of magic mapping
 e - 2 scrolls of enchant armour {unknown}
 j - a scroll of blinking {unknown}
 m - 2 scrolls of noise {unknown}
 u - 5 scrolls of teleportation
 C - a scroll of immolation {unknown}
 D - a scroll of amnesia {unknown}
 J - a scroll of identify
Potions
 h - a potion of ambrosia
 l - 4 potions of mutation
 n - a potion of berserk rage {unknown}
 o - 3 potions of curing
 q - a potion of cancellation
 r - a potion of attraction
 z - a potion of lignification
 A - 2 potions of brilliance
 F - 2 potions of heal wounds
 I - a potion of might


   Skills:
 + Level 7.4 Fighting
 * Level 9.6 Axes
 + Level 4.3 Throwing
 + Level 5.2 Armour
 + Level 5.5 Dodging
 - Level 4.1 Stealth
 + Level 5.2 Shields
 + Level 4.4 Invocations


You had 8 spell levels left.
You didn't know any spells.
Your spell library contained the following spells:

 Spells                   Type           Power      Damage    Failure   Level
 Magic Dart               Conj           0%         1d3       95%         1
 Searing Ray              Conj           0%         3d3       99%         2
 Fulminant Prism          Conj/Hex       0%         3d6       100%        4


Dungeon Overview and Level Annotations

Branches:
Dungeon (8/15)             Temple (1/1) D:5
   Lair: D:8-11

Altars:
Ashenzari
Cheibriados
Dithmenos
Elyvilon
Fedhas
Gozag
Hepliaklqana
Kikubaaqudgha
Makhleb
Nemelex Xobeh
Okawaru
Qazlal
Ru
Sif Muna
Trog
Uskayaw
Vehumet
Xom
Yredelemnul
Zin
The Shining One

Shops:
D:3 [

Annotations:
D:8 Erica


Innate Abilities, Weirdness & Mutations

You have a pair of horns on your head.
You reflexively headbutt those who attack you in melee.


Message History

Something burns you.
A centaur warrior comes into view.
The two-headed ogre hits you with a +0 giant club.
You block the two-headed ogre's attack.
You hear some strange, mumbled words.
A lance of force appears from out of thin air!
The lance of force misses you.
You see here a bullfrog corpse.
The centaur warrior wields a +0 longbow.
The centaur warrior shoots an arrow.
You block the arrow. The bullfrog barely misses you.
The steam dragon is struck by lightning.
The steam dragon breathes steam at you. The ball of steam misses you.
The centaur warrior shoots an arrow.
The arrow barely misses you.
The arrow hits the steam dragon!!
The steam dragon dies!
You block the bullfrog's attack.
The two-headed ogre is engulfed in blazing flames.
The centaur warrior shoots an arrow.
The arrow hits you!
The bullfrog is engulfed in blazing flames.
The centaur warrior shoots an arrow.
The arrow completely misses you.
There is a stone staircase leading up here.
You block the bullfrog's attack.
The two-headed ogre hits you with a +0 giant club!
* * * LOW HITPOINT WARNING * * *
You block the two-headed ogre's attack.
The centaur warrior shoots an arrow.
The arrow closely misses you. The bullfrog barely misses you.
You climb upwards.
Reactivating autopickup.
There is a stone staircase leading down here.
Okay, then.
You block the bullfrog's attack. You block the two-headed ogre's attack.
The two-headed ogre hits you with a +0 giant club!
* * * LOW HITPOINT WARNING * * *
You block the bullfrog's attack. The bullfrog hits you.
* * * LOW HITPOINT WARNING * * *
As you read the scroll of teleportation, it crumbles to dust.
You feel strangely unstable. The bullfrog misses you.
The two-headed ogre hits you with a +0 giant club!
You die...

....####
#..#..####..#
..###..#
##.#.....#..#
..#....# #.#.###.#..#
.##....# #...# #.#..#
.#.....# ##..# #.#..#
##.....# ####..#
#.#..# #......#
#.###.###.#..#
#......####.#
#..##.####
#.####......# ##@##.#
#.# ######.####FO#.#
#.# #.#....>#.# #.#
#.#.#####.# #.# #...#
#.# #.# ##### #.# #.#
#.#
#.#################.#
#.................#.#


You could see a two-headed ogre and a bullfrog.

Vanquished Creatures
  Grinder (D:3)
  Sigmund (D:5)
  2 wyverns
  Eustachio (D:6)
  2 water moccasins
  An ice beast (D:5)
  2 sky beasts
  4 ogres
  A phantom (D:6)
  2 centaurs
  A kobold brigand (D:7)
  3 bullfrogs
  A wyvern skeleton (D:7)
  2 scorpions (D:5)
  A wyvern zombie (D:5)
  A water moccasin skeleton (D:5)
  3 wights (D:5)
  2 centaur zombies
  A bullfrog zombie (D:7)
  A jelly (D:5)
  6 orc priests
  A gnoll shaman (D:7)
  3 hounds
  2 centaur skeletons (D:7)
  Terence (D:3)
  2 iguanas (D:5)
  3 orc wizards
  9 gnolls
  9 adders
  A shadow imp (D:5)
  A white imp (D:5)
  An ufetubus (D:7)
  2 worms
  2 dart slugs (D:4)
  23 orcs
  8 ball pythons
  8 endoplasms
  3 giant cockroaches
  4 hobgoblins
  5 jackals
  A quokka (D:4)
  3 bats
  4 frilled lizards
  6 goblins
  11 kobolds
  2 rats
154 creatures vanquished.

Vanquished Creatures (others)
  A steam dragon (D:8)
1 creature vanquished.

Grand Total: 155 creatures vanquished

Notes
Turn   | Place    | Note
-------+----------+-------------------------------------------
     0 | D:5      | Majang the Minotaur Delver began the quest for the Orb.
     0 | D:5      | Reached XP level 1. HP: 19/19 MP: 0/0
     0 | D:5      | Found a staircase to the Ecumenical Temple.
     7 | D:5      | Noticed an iguana
     8 | D:5      | Noticed a scorpion
    16 | D:5      | Noticed Sigmund
    30 | Temple   | Entered the Ecumenical Temple
    46 | Temple   | Became a worshipper of Qazlal Stormbringer
    95 | D:3      | Found Fask's Antique Armour Boutique.
   250 | D:3      | Reached skill level 3 in Axes
   250 | D:3      | Reached XP level 2. HP: 24/27 MP: 1/1
   610 | D:1      | Reached XP level 3. HP: 28/33 MP: 2/2
   924 | D:1      | Reached skill level 4 in Axes
  1510 | D:2      | Reached * piety under Qazlal
  1621 | D:2      | Reached XP level 4. HP: 29/41 MP: 3/3
  2119 | D:3      | Noticed Terence
  2147 | D:3      | Killed Terence
  2148 | D:3      | Reached skill level 5 in Axes
  2307 | D:3      | Noticed Grinder
  2376 | D:3      | Found a broken altar of Ashenzari.
  2383 | D:3      | Reached XP level 5. HP: 47/47 MP: 4/4
  2433 | D:3      | Found a shimmering altar of Xom.
  2468 | D:3      | Reached skill level 5 in Fighting
  3028 | D:4      | Reached ** piety under Qazlal
  3032 | D:4      | Reached skill level 1 in Armour
  3032 | D:4      | Reached skill level 1 in Shields
  3172 | D:4      | Noticed a sky beast
  3202 | D:4      | Killed a sky beast
  3203 | D:4      | Reached skill level 1 in Throwing
  3203 | D:4      | Reached skill level 1 in Invocations
  3203 | D:4      | Reached XP level 6. HP: 31/56 MP: 5/5
  3236 | D:4      | Reached skill level 6 in Axes
  3500 | D:4      | Reached XP level 7. HP: 61/61 MP: 7/7
  4103 | D:5      | Killed Sigmund
  4104 | D:5      | Reached skill level 7 in Axes
  4104 | D:5      | Reached XP level 8. HP: 53/70 MP: 5/8
  4315 | D:5      | Found a sparkling altar of Nemelex Xobeh.
  4849 | D:5      | Reached *** piety under Qazlal
  5009 | D:5      | Found a burning altar of Makhleb.
  5009 | D:5      | Found a snail-covered altar of Cheibriados.
  5009 | D:5      | Found a hazy altar of Hepliaklqana.
  5350 | D:5      | Reached skill level 8 in Axes
  5512 | D:3      | Killed Grinder
  5697 | D:6      | Noticed Eustachio
  5728 | D:6      | Killed Eustachio
  5729 | D:6      | Reached XP level 9. HP: 73/78 MP: 10/10
  6113 | D:6      | Found a sacrificial altar of Ru.
  6141 | D:6      | Reached skill level 5 in Dodging
  6370 | D:6      | Found a glowing golden altar of the Shining One.
  6818 | D:7      | Reached skill level 9 in Axes
  7132 | D:7      | Found an opulent altar of Gozag.
  7233 | D:7      | Reached skill level 5 in Armour
  7233 | D:7      | Reached skill level 5 in Shields
  7454 | D:7      | Found a blossoming altar of Fedhas.
  7459 | D:7      | Found a hide-covered altar of Uskayaw.
  7465 | D:7      | Found a shimmering blue altar of Sif Muna.
  7506 | D:8      | Noticed a two-headed ogre
  7507 | D:8      | Noticed Erica
  7517 | D:8      | Reached **** piety under Qazlal
  7518 | D:8      | Noticed a centaur warrior
  7526 | D:7      | Slain by a two-headed ogre

Illustrated notes

Levels and vault maps discovered:
D:1:      matt_arrival_refuge, layout_basic, minmay_misc_feat_tower,
          kennysheep_flooded_box, minmay_misc_feat_enclosed, minmay_tetromino_o4
D:2:      layout_basic, kennysheep_generic_room_7
D:3:      layout_basic, ashenzari_conservatory_becter, lemuel_round_altar,
          serial_shops, nicolae_square_shop, uniq_terence, uniq_grinder
D:4:      layout_cave_pools
D:5:      layout_rooms, grunt_temple_overflow_open, temple_doors_ab,
          minivault_4, uniq_sigmund, uniq_duvessa
D:6:      layout_basic, lemuel_crystal_altar, mainiacjoe_overflow_boulevard,
          uniq_eustachio
D:7:      layout_basic, minmay_overflow_temple_star_quad,
          mainiacjoe_overflow_tiny_flanked
D:8:      layout_basic, dpeg_oklobed_lair, enter_bailey_3, uniq_erica,
          uniq_maurice
Temple:   jpeg_temple_island

Skill      XL: |  1  2  3  4  5  6  7  8  9 |
---------------+----------------------------+-----
Axes           | 3 4 5 6 7 8 9 |  9.6
Fighting       | 4 5 6 7 |  7.4
Armour         | 1 2 4 5 |  5.2
Shields        | 1 2 4 5 |  5.2
Throwing       | 1 2 3 4 |  4.3
Invocations    | 1 2 3 4 |  4.4
Dodging        | 3 4 5 |  5.5
Stealth        | |  4.1

Action                   |  1- 3 |  4- 6 |  7- 9 || total
-------------------------+-------+-------+-------++-------
Melee: Hand axe          |    73 |   134 |   368 ||   575
       Headbutt          |     5 |    20 |    80 ||   105
Throw: Boomerang         |       |     7 |     5 ||    12
Evoke: Wand              |     1 |       |       ||     1
  Use: Potion            |       |     2 |     4 ||     6
       Scroll            |       |     1 |     8 ||     9
 Stab: Sleeping          |     8 |       |       ||     8
Armor: Leather armour    |     9 |     3 |       ||    12
       Ring mail         |       |    42 |   100 ||   142
Dodge: Dodged            |    45 |    80 |   197 ||   322
Block: Other             |       |     7 |     1 ||     8
       Kite shield       |       |       |   297 ||   297
